 Dungeon Crawl Stone Soup version 0.18.1-51-gd549091e01 (webtiles) character file.

95 magog001 the Shield-Bearer (level 4, -3/40 HPs)
             Began as a Draconian Fighter on Aug 15, 2020.
             Killed from afar by an orc wizard (10 damage)
             ... with a puff of flame
             ... on level 3 of the Dungeon.
             The game lasted 00:08:28 (2061 turns).

magog001 the Shield-Bearer (Draconian Fighter)      Turns: 2061, Time: 00:08:29

Health: -3/40      AC:  5    Str: 19    XL:     4   Next: 39%
Magic:  4/4        EV: 10    Int:  9    God:
Gold:   85         SH:  0    Dex: 10    Spells: 0 memorised, 3 levels left

rFire  . . .     SeeInvis .     a - +0 war axe
rCold  . . .     Gourm    .     (armour unavailable)
rNeg   . . .     Faith    .     b - +0 shield
rPois  .         Spirit   .     (helmet restricted)
rElec  .         Dismiss  .     (no cloak)
rCorr  .         Reflect  .     (no gloves)
SustAt .         Harm     .     (no boots)
MR     .....                    (no amulet)
Stlth  +.........               (no ring)
                                (no ring)

@: confused, not resistant to hostile enchantments, very unstealthy
A: unfitting armour, cold-blooded, AC +5
a: no special abilities


You were on level 3 of the Dungeon.
You were not hungry.

You visited 1 branch of the dungeon, and saw 3 of its levels.

You collected 85 gold pieces.

Inventory:

Hand Weapons
 a - a +0 war axe (weapon)
 i - a +2 dagger of holy wrath
 n - a +0 hunting sling
Missiles
 j - 15 sling bullets
Armour
 b - a +0 shield (worn)
Scrolls
 e - a scroll of teleportation {unknown}
 g - 3 scrolls of identify
 k - a scroll of random uselessness {unknown}
 l - a scroll of recharging {unknown}
 m - a scroll of amnesia {unknown}
Comestibles
 c - 2 chunks of flesh
 d - a bread ration
 h - 2 meat rations


   Skills:
 + Level 3.7 Fighting
 + Level 2.2 Axes
 + Level 3.6 Dodging
 + Level 4.0 Shields


You had 3 spell levels left.
You didn't know any spells.

Dungeon Overview and Level Annotations

Branches:
Dungeon (3/15)

Altars:
Ashenzari
Cheibriados
Gozag
Okawaru
Ru


Innate Abilities, Weirdness & Mutations

Your plain brown scales are hard (AC +5).
Your body does not fit into most forms of armour.
You are cold-blooded and may be slowed by cold attacks.


Message History

You bump into the rock wall.
The orc wizard hits you but does no damage.
The orc priest calls down the wrath of Beogh upon you.
Beogh smites you!
You miss the orc wizard. You barely miss the orc priest.
The orc priest is almost dead.
The orc priest invokes the aid of Beogh against you.
Beogh smites you!
* * * LOW HITPOINT WARNING * * *
The orc wizard hits you but does no damage.
You aren't carrying any potions.
You bump into the rock wall.
The orc priest hits you but does no damage.
The orc wizard hits you but does no damage.
You closely miss the orc wizard. You closely miss the orc priest.
The orc priest is almost dead.
The orc priest hits you but does no damage.
The orc wizard points at you and mumbles some strange words.
The puff of flame hits you!
You die...

##..#
#######...#
#........##
#........#
#..####..#
.....##.<#
#...).#
#..####o##
#...oo@<#
#########


You could see an orc priest, an orc wizard and an orc.

Vanquished Creatures
  Jessica (D:2)
  An adder (D:2)
  2 worms
  2 dart slugs (D:1)
  2 orcs (D:3)
  9 goblins
  5 hobgoblins
  7 jackals (D:2)
  A quokka (D:2)
  6 bats
  4 kobolds
  4 rats
44 creatures vanquished.

Notes
Turn   | Place    | Note
--------------------------------------------------------------
     0 | D:1      | magog001 the Draconian Fighter began the quest for the Orb.
     0 | D:1      | Reached XP level 1. HP: 19/19 MP: 1/1
   307 | D:1      | Reached XP level 2. HP: 26/26 MP: 2/2
   325 | D:1      | Found a shattered altar of Ashenzari.
  1416 | D:2      | Reached XP level 3. HP: 28/31 MP: 3/3
  1452 | D:2      | Noticed Jessica
  1478 | D:2      | Found a snail-covered altar of Cheibriados.
  1485 | D:2      | Found a sacrificial altar of Ru.
  1488 | D:2      | Killed Jessica
  1488 | D:2      | Reached XP level 4. HP: 23/40 MP: 4/4
  1497 | D:2      | Found an iron altar of Okawaru.
  1687 | D:2      | Reached skill level 4 in Shields
  1999 | D:3      | Found an opulent altar of Gozag.
  2061 | D:3      | Killed from afar by an orc wizard

Skill      XL: |  1  2  3  4 |
---------------+-------------+-----
Dodging        | 3 |  3.6
Shields        | 4 |  4.0
Fighting       | |  3.7
Axes           | |  2.2

Action                   |  1- 3 |  4- 6 || total
-------------------------+-------+-------++-------
Melee: War axe           |   104 |    41 ||   145
       Tailslap          |     8 |     4 ||    12
  Use: Potion            |     1 |       ||     1
       Scroll            |       |     1 ||     1
  Eat: Royal jelly       |     1 |       ||     1
       Chunk             |       |     2 ||     2
Armor: Skin              |    42 |    14 ||    56
Dodge: Dodged            |    68 |    16 ||    84
Block: Shield            |    97 |    30 ||   127
